MLB
TORONTO BLUE JAYS @ CHICAGO (A) WHITE SOX
04/13/2042
 
TOP OF THE 1ST
Toronto Blue Jays batting - Pitching for Chicago (A) White Sox : RHP Orlando García
Pitching: RHP Orlando García
Batting: RHB António Ramos 0-0: Called Strike
0-1: Swinging Strike
0-2: Ball
1-2: Ball
2-2: Ball
3-2: Ground out 5-3 (Groundball, 56, EV 106.9 MPH)
Batting: RHB Ben Miller 0-0: Ball
1-0: Foul Ball, location: 5SF
1-1: Ground out 6-3 (Groundball, 6, EV 103.8 MPH)
Batting: LHB Brad Hart 0-0: Called Strike
0-1: Ball
1-1: Ball
2-1: Swinging Strike
2-2: Ball
3-2: Ground out 4-3 (Groundball, 4, EV 91.9 MPH)
Top of the 1st over - 0 runs, 0 hits, 0 errors, 0 left on base; Toronto 0 - Chicago (A) 0
BOTTOM OF THE 1ST
Chicago (A) White Sox batting - Pitching for Toronto Blue Jays : RHP Jim Galloway
Pitching: RHP Jim Galloway
Batting: RHB Bob Parks 0-0: SINGLE (Line Drive, 56D, EV 98.8 MPH)
Batting: RHB Jake Thomas 0-0: Called Strike
Bob Parks steals 2nd base
0-1: Swinging Strike
0-2: Ground out 6-3 (Groundball, 6, EV 83.8 MPH)
Bob Parks to third
Batting: LHB Stan Waters 0-0: Called Strike
0-1: SINGLE (Groundball, 6M, EV 85.0 MPH)
Bob Parks scores
Batting: LHB Jesús Benavidez 0-0: Ball
1-0: Ball
2-0: Ball
3-0: Base on Balls
Stan Waters to second
Batting: LHB Juan Carlos Jiménez 0-0: Called Strike
0-1: Foul Ball, location: 9LDF
0-2: Ball
1-2: Foul Ball, location: 2F
1-2: Fly out, F8 (Flyball, 8LS, EV 96.9 MPH)
Batting: RHB Ed Livermore 0-0: Called Strike
0-1: Foul Ball, location: 9LMF
0-2: Strikes out swinging
Bottom of the 1st over - 1 run, 2 hits, 0 errors, 2 left on base; Toronto 0 - Chicago (A) 1
TOP OF THE 2ND
Toronto Blue Jays batting - Pitching for Chicago (A) White Sox : RHP Orlando García
Batting: RHB Jeff Horton 0-0: Foul Ball, location: 2RF
0-1: Called Strike
0-2: Ball
1-2: Fly out, F7 (Flyball, 7D, EV 82.5 MPH)
Batting: RHB Augusto Guerra 0-0: Ball
1-0: DOUBLE (Line Drive, 7LS, EV 96.9 MPH)
Batting: RHB Bob Crousse 0-0: Foul Ball, location: 7LMF
0-1: Ball
1-1: Swinging Strike
1-2: Strikes out swinging
Batting: RHB Rodrigo Rivera 0-0: Ball
1-0: Called Strike
1-1: Fly out, F4 (Popup, 4M, EV 65.0 MPH)
Top of the 2nd over - 0 runs, 1 hit, 0 errors, 1 left on base; Toronto 0 - Chicago (A) 1
BOTTOM OF THE 2ND
Chicago (A) White Sox batting - Pitching for Toronto Blue Jays : RHP Jim Galloway
Batting: SHB Juan Medina 0-0: Called Strike
0-1: Fly out, F7 (Line Drive, 78M, EV 89.4 MPH)
Batting: RHB César Otero 0-0: Called Strike
0-1: Ball
1-1: Fly out, F6 (Popup, 6S, EV 61.3 MPH)
Batting: RHB Greg Wright 0-0: Called Strike
0-1: Ground out 5-3 (Groundball, 56, EV 80.6 MPH)
Bottom of the 2nd over - 0 runs, 0 hits, 0 errors, 0 left on base; Toronto 0 - Chicago (A) 1
TOP OF THE 3RD
Toronto Blue Jays batting - Pitching for Chicago (A) White Sox : RHP Orlando García
Batting: RHB Juan Luna 0-0: Called Strike
0-1: SOLO HOME RUN (Flyball, 9LD, EV 96.3 MPH), Distance : 351 ft
Batting: RHB António Guerra 0-0: Fly out, F7 (Line Drive, 7S, EV 105.0 MPH)
Batting: RHB António Ramos 0-0: Called Strike
0-1: Called Strike
0-2: Ball
1-2: Ball
2-2: DOUBLE (Flyball, 9LD, EV 93.1 MPH)
Batting: RHB Ben Miller 0-0: Ground out 6-3 (Groundball, 6, EV 85.0 MPH)
António Ramos to third
Batting: LHB Brad Hart 0-0: Ball
1-0: Swinging Strike
1-1: Ground out U3 (Groundball, 34, EV 103.1 MPH)
Top of the 3rd over - 1 run, 2 hits, 0 errors, 1 left on base; Toronto 1 - Chicago (A) 1
BOTTOM OF THE 3RD
Chicago (A) White Sox batting - Pitching for Toronto Blue Jays : RHP Jim Galloway
Batting: RHB Bob Parks 0-0: Called Strike
0-1: Ball
1-1: Ball
2-1: Foul Ball, location: 3F
2-2: Ball
3-2: Foul Ball, location: 23FF
3-2: Foul Ball, location: 9LMF
3-2: Fly out, F8 (Flyball, 89S, EV 85.6 MPH)
Batting: RHB Jake Thomas 0-0: Foul Ball, location: 5SF
0-1: Ball
1-1: Ball
2-1: Ball
3-1: DOUBLE (Line Drive, 78XD, EV 106.3 MPH)
Batting: LHB Stan Waters 0-0: Ball
1-0: Ball
2-0: Ball
3-0: Base on Balls
Batting: LHB Jesús Benavidez 0-0: Foul Ball, location: 2F
0-1: Ball
1-1: Foul Ball, location: 2F
1-2: Strikes out looking
Batting: LHB Juan Carlos Jiménez 0-0: Called Strike
0-1: Swinging Strike
0-2: Ball
1-2: Foul Ball, location: 7LDF
1-2: Strikes out swinging
Bottom of the 3rd over - 0 runs, 1 hit, 0 errors, 2 left on base; Toronto 1 - Chicago (A) 1
TOP OF THE 4TH
Toronto Blue Jays batting - Pitching for Chicago (A) White Sox : RHP Orlando García
Batting: RHB Jeff Horton 0-0: Called Strike
0-1: Ball
1-1: Ground out 1-3 (Groundball, 13S, EV 73.1 MPH)
Batting: RHB Augusto Guerra 0-0: Fly out, F7 (Line Drive, 78S, EV 91.9 MPH)
Batting: RHB Bob Crousse 0-0: Ball
1-0: Called Strike
1-1: Ground out 1-3 (Groundball, 25, EV 70.6 MPH)
Top of the 4th over - 0 runs, 0 hits, 0 errors, 0 left on base; Toronto 1 - Chicago (A) 1
BOTTOM OF THE 4TH
Chicago (A) White Sox batting - Pitching for Toronto Blue Jays : RHP Jim Galloway
Batting: RHB Ed Livermore 0-0: Ground out 6-3 (Groundball, 6, EV 100.0 MPH)
Batting: SHB Juan Medina 0-0: DOUBLE (Line Drive, 9LM, EV 96.3 MPH)
Batting: RHB César Otero 0-0: Foul Ball, location: 5F
0-1: Swinging Strike
0-2: Strikes out swinging
Batting: RHB Greg Wright 0-0: Ball
1-0: Ball
2-0: Called Strike
2-1: Ground out 5-3 (Groundball, 56S, EV 84.4 MPH)
Bottom of the 4th over - 0 runs, 1 hit, 0 errors, 1 left on base; Toronto 1 - Chicago (A) 1
TOP OF THE 5TH
Toronto Blue Jays batting - Pitching for Chicago (A) White Sox : RHP Orlando García
Batting: RHB Rodrigo Rivera 0-0: Ball
1-0: Swinging Strike
1-1: Ball
2-1: Fly out, F3 (Popup, 3SF, EV 77.5 MPH)
Batting: RHB Juan Luna 0-0: Called Strike
0-1: Swinging Strike
0-2: Foul Ball, location: 7LSF
0-2: Ground out 5-3 (Groundball, 5S, EV 71.3 MPH)
Batting: RHB António Guerra 0-0: Ball
1-0: Ball
2-0: Foul Ball, location: 9LMF
2-1: Ball
3-1: Ground out 5-3 (Groundball, 5L, EV 80.6 MPH)
Top of the 5th over - 0 runs, 0 hits, 0 errors, 0 left on base; Toronto 1 - Chicago (A) 1
BOTTOM OF THE 5TH
Chicago (A) White Sox batting - Pitching for Toronto Blue Jays : RHP Jim Galloway
Batting: RHB Bob Parks 0-0: Foul Ball, location: 2F
0-1: Ball
1-1: Ball
2-1: Ball
3-1: Foul Ball, location: 2F
3-2: Foul Ball, location: 2F
3-2: Base on Balls
Batting: RHB Jake Thomas 0-0: Called Strike
0-1: Ball
Bob Parks is caught stealing 2nd base 2-4
1-1: Foul Ball, location: 2F
1-2: SINGLE (Groundball, 4MS, EV 71.3 MPH) (infield hit)
Batting: LHB Stan Waters 0-0: Ball
1-0: Called Strike
1-1: Ball
2-1: Ball
3-1: Called Strike
3-2: Foul Ball, location: 5F
3-2: Foul Ball, location: 25F
3-2: Foul Ball, location: 25F
3-2: DOUBLE (Line Drive, 8LXD, EV 101.9 MPH)
Jake Thomas to third
Batting: LHB Jesús Benavidez 0-0: Called Strike
0-1: Called Strike
0-2: Ball
1-2: SINGLE (Groundball, 6MD, EV 95.0 MPH)
Jake Thomas scores
Stan Waters to third
Runner from 3rd tries for Home, throw by CF and OUT! 8-2
Jesús Benavidez to second
Batting: LHB Juan Carlos Jiménez 0-0: Ball
1-0: Ball
2-0: Called Strike
2-1: Foul Ball, location: 5F
2-2: Ground out U3 (Groundball, 3L, EV 90.0 MPH)
Bottom of the 5th over - 1 run, 3 hits, 0 errors, 1 left on base; Toronto 1 - Chicago (A) 2
TOP OF THE 6TH
Toronto Blue Jays batting - Pitching for Chicago (A) White Sox : RHP Orlando García
Batting: RHB António Ramos 0-0: Ground out 6-3 (Groundball, 6, EV 106.3 MPH)
Batting: RHB Ben Miller 0-0: Fly out, F9 (Flyball, 89S, EV 85.6 MPH)
Batting: LHB Brad Hart 0-0: Ball
1-0: Called Strike
1-1: Foul Ball, location: 5DF
1-2: Foul Ball, location: 2F
1-2: Foul Ball, location: 2F
1-2: Strikes out swinging
Top of the 6th over - 0 runs, 0 hits, 0 errors, 0 left on base; Toronto 1 - Chicago (A) 2
BOTTOM OF THE 6TH
Chicago (A) White Sox batting - Pitching for Toronto Blue Jays : RHP Jim Galloway
Batting: RHB Ed Livermore 0-0: Fly out, F8 (Flyball, 8RM, EV 91.9 MPH)
Batting: SHB Juan Medina 0-0: Ball
1-0: Ball
2-0: SOLO HOME RUN (Flyball, 9D, EV 98.1 MPH), Distance : 365 ft
Batting: RHB César Otero 0-0: SINGLE (Flyball, 89S, EV 99.4 MPH)
Batting: RHB Greg Wright 0-0: Ball
1-0: Called Strike
César Otero steals 2nd base
1-1: SINGLE (Line Drive, 7S, EV 105.0 MPH)
César Otero to third
Batting: RHB Bob Parks 0-0: Called Strike
0-1: Fly out, F2 (Popup, 2RF, EV 90.6 MPH)
Batting: RHB Jake Thomas 0-0: Ball
1-0: SINGLE (Groundball, 34S, EV 68.1 MPH) (infield hit)
César Otero scores
Greg Wright to second
Batting: LHB Stan Waters 0-0: Foul Ball, location: 2F
0-1: DOUBLE (Line Drive, 9LM, EV 102.5 MPH)
Greg Wright scores
Jake Thomas to third
Pitching: RHP Ed Douglas
Batting: LHB Jesús Benavidez 0-0: Called Strike
0-1: Called Strike
0-2: Strikes out swinging
Bottom of the 6th over - 3 runs, 5 hits, 0 errors, 2 left on base; Toronto 1 - Chicago (A) 5
TOP OF THE 7TH
Toronto Blue Jays batting - Pitching for Chicago (A) White Sox : RHP Orlando García
Batting: RHB Jeff Horton 0-0: Ball
1-0: Ball
2-0: Called Strike
2-1: Foul Ball, location: 9LDF
2-2: Ball
3-2: Ground out 4-3 (Groundball, 4, EV 102.5 MPH)
Batting: RHB Augusto Guerra 0-0: Called Strike
0-1: Ground out 6-3 (Groundball, 6, EV 89.4 MPH)
Batting: RHB Bob Crousse 0-0: Foul Ball, location: 2F
0-1: Foul Ball, location: 2LF
0-2: Ball
1-2: Strikes out swinging
Top of the 7th over - 0 runs, 0 hits, 0 errors, 0 left on base; Toronto 1 - Chicago (A) 5
BOTTOM OF THE 7TH
Chicago (A) White Sox batting - Pitching for Toronto Blue Jays : RHP Ed Douglas
Batting: LHB Juan Carlos Jiménez 0-0: Called Strike
0-1: DOUBLE (Groundball, 3L, EV 109.4 MPH)
Batting: RHB Ed Livermore 0-0: Ball
1-0: Ball
2-0: Called Strike
2-1: Ball
3-1: Called Strike
3-2: Foul Ball, location: 2F
3-2: Strikes out swinging
Batting: SHB Juan Medina 0-0: Ball
1-0: Called Strike
1-1: Fly out, F9 (Flyball, 9LS, EV 90.0 MPH)
Batting: RHB César Otero 0-0: Swinging Strike
0-1: Ball
1-1: Swinging Strike
1-2: Foul Ball, location: 9LSF
1-2: Foul Ball, location: 3SF
1-2: Foul Ball, location: 5FF
1-2: Strikes out looking
Bottom of the 7th over - 0 runs, 1 hit, 0 errors, 1 left on base; Toronto 1 - Chicago (A) 5
TOP OF THE 8TH
Toronto Blue Jays batting - Pitching for Chicago (A) White Sox : RHP Orlando García
Batting: RHB Rodrigo Rivera 0-0: Ball
1-0: Called Strike
1-1: Foul Ball, location: 2F
1-2: Ball
2-2: Strikes out looking
Batting: RHB Juan Luna 0-0: Ball
1-0: Ground out 6-3 (Groundball, 56, EV 86.3 MPH)
Batting: RHB António Guerra 0-0: Swinging Strike
0-1: Ball
1-1: Foul Ball, location: 2F
1-2: Ball
2-2: Fly out, F6 (Popup, 4MS, EV 86.3 MPH)
Top of the 8th over - 0 runs, 0 hits, 0 errors, 0 left on base; Toronto 1 - Chicago (A) 5
BOTTOM OF THE 8TH
Chicago (A) White Sox batting - Pitching for Toronto Blue Jays : RHP Ed Douglas
Batting: RHB Greg Wright 0-0: Called Strike
0-1: Swinging Strike
0-2: Ball
1-2: DOUBLE (Line Drive, 7LM, EV 108.1 MPH)
Batting: RHB Bob Parks 0-0: Ball
1-0: Ball
2-0: Called Strike
2-1: Ground out 6-3 (Groundball, 6, EV 86.9 MPH)
Batting: RHB Jake Thomas 0-0: Called Strike
0-1: Ball
1-1: Fly out, F8 (Flyball, 8RM, EV 85.6 MPH)
Batting: LHB Stan Waters 0-0: Called Strike
0-1: Ball
1-1: Foul Ball, location: 2F
1-2: Strikes out swinging
Bottom of the 8th over - 0 runs, 1 hit, 0 errors, 1 left on base; Toronto 1 - Chicago (A) 5
TOP OF THE 9TH
Toronto Blue Jays batting - Pitching for Chicago (A) White Sox : RHP Orlando García
Batting: RHB António Ramos 0-0: Called Strike
0-1: Ball
1-1: Swinging Strike
1-2: Ball
2-2: Ground out 4-3 (Groundball, 4, EV 96.9 MPH)
Batting: RHB Ben Miller 0-0: Ball
1-0: Ground out 3-1 (Groundball, 34S, EV 86.3 MPH)
Pitching: RHP Zane Miller
Batting: LHB Brad Hart 0-0: Fly out, F8 (Flyball, 8RD, EV 107.5 MPH)
Top of the 9th over - 0 runs, 0 hits, 0 errors, 0 left on base; Toronto 1 - Chicago (A) 5
Wednesday, April 24th , 2024 - OOTP Baseball 24.10 Build 82